 Dungeon Crawl Stone Soup version 0.25.0-9-g26727b657a (webtiles) character file.

Game seed: 15332999900328356423

186 gruber the Slasher (level 5, -2/45 HPs)
             Began as a Minotaur Fighter on June 16, 2020.
             Slain by a killer bee (7 damage)
             ... on level 3 of the Dungeon.
             The game lasted 00:01:54 (1668 turns).

gruber the Slasher (Minotaur Fighter)               Turns: 1668, Time: 00:01:54

Health: -2/45      AC:  6    Str: 21    XL:     5   Next: 38%
Magic:  4/4        EV:  7    Int:  5    God:
Gold:   90         SH:  9    Dex: 10    Spells: 4/4 levels left

rFire    . . .     SeeInvis .   a - +0 long sword
rCold    . . .     Gourm    .   c - +0 kite shield
rNeg     . . .     Faith    .   b - +0 scale mail
rPois    .         Spirit   .   (helmet restricted)
rElec    .         Reflect  .   (no cloak)
rCorr    .         Harm     .   (no gloves)
MR       .....                  (no boots)
Stlth    ..........             (no amulet)
HPRegen  0.15/turn              (no ring)
MPRegen  0.09/turn              (no ring)

@: mighty, lethally poisoned (-2 -> -14)
A: retaliatory headbutt, horns 2
a: no special abilities


You were on level 3 of the Dungeon.
You were not hungry.

You visited 1 branch of the dungeon, and saw 3 of its levels.

You collected 90 gold pieces.

Inventory:

Hand Weapons
 a - a +0 long sword (weapon)
Armour
 b - a +0 scale mail (worn)
 c - a +0 kite shield (worn)
Scrolls
 e - 2 scrolls of identify {unknown}
 h - a scroll of noise {unknown}
 i - 2 scrolls of fog {unknown}
 m - a scroll of immolation {unknown}
 n - a scroll of remove curse {unknown}
 o - a scroll of fear {unknown}
Potions
 d - a potion of might
 j - 2 potions of magic {unknown}
 k - 4 potions of curing {unknown}
 l - a potion of ambrosia {unknown}
 p - a potion of cancellation {unknown}
Comestibles
 f - 2 rations
 g - 3 chunks of flesh


   Skills:
 - Level 3.6 Fighting
 + Level 6.9 Long Blades
 - Level 3.6 Armour
 - Level 3.6 Shields


You had 4 spell levels left.
You didn't know any spells.
Your spell library was empty.

Dungeon Overview and Level Annotations

Branches:
Dungeon (3/15)

Altars:


Innate Abilities, Weirdness & Mutations

You reflexively headbutt those who attack you in melee.
You have a pair of horns on your head.


Message History

Your Long Blades skill increases to level 6!
You have reached level 5!
You feel sick. The killer bee stings you. x2
* * * LOW HITPOINT WARNING * * *
You completely miss the killer bee.
The killer bee is severely wounded.
You feel sick. The killer bee stings you.
* * * LOW HITPOINT WARNING * * *
You are more poisoned.
The killer bee poisons you! The killer bee closely misses you.
You slash the killer bee!
You kill the killer bee!
* * * LOW HITPOINT WARNING * * *
You feel sick. You block the killer bee's attack.
You closely miss the killer bee.
* * * LOW HITPOINT WARNING * * *
You feel sick. You block the killer bee's attack.
The killer bee stings you but does no damage.
The killer bee stings you!
You die...

#........##............ ......#
#........##............#......#
#........##............#......#
###...###.........[....#......#
#... #..............#......#
#... #..............#.......
#...###....#####.....#†......
#.........######.............
.........# #.@y.............
........####'####'##........
...............##.##........
...............##.##........
##.............##+##........
#................ .........
............................
................... #......
...................


You could see a killer bee.

Vanquished Creatures
  2 killer bees (D:3)
  A hound zombie (D:3)
  2 adders (D:2)
  3 worms (D:2)
  2 dart slugs (D:2)
  A leopard gecko (D:1)
  3 bats
  2 giant cockroaches (D:1)
  6 goblins
  8 hobgoblins
  A quokka (D:2)
  5 frilled lizards
  9 kobolds
  7 rats
52 creatures vanquished.

Notes
Turn   | Place    | Note
-------+----------+-------------------------------------------
     0 | D:1      | gruber the Minotaur Fighter began the quest for the Orb.
     0 | D:1      | Reached XP level 1. HP: 19/19 MP: 0/0
   108 | D:1      | Reached skill level 3 in Long Blades
   196 | D:1      | Reached XP level 2. HP: 18/26 MP: 1/1
   481 | D:1      | Reached skill level 4 in Long Blades
   850 | D:2      | Reached XP level 3. HP: 29/31 MP: 2/2
  1319 | D:2      | Reached skill level 5 in Long Blades
  1468 | D:2      | Reached XP level 4. HP: 39/39 MP: 3/3
  1665 | D:3      | Reached skill level 6 in Long Blades
  1665 | D:3      | Reached XP level 5. HP: 21/45 MP: 4/4
  1668 | D:3      | Slain by a killer bee

Illustrated notes

Levels and vault maps discovered:
D:1:      lemuel_arrival_muddy, layout_loops_cross, kennysheep_doodads
D:2:      layout_rooms
D:3:      layout_basic, nicolae_overflow_hidden_temple, uniq_terence, uniq_robin

Skill      XL: |  1  2  3  4 |
---------------+-------------+-----
Long Blades    | 3 4 5 6 |  6.9
Fighting       | |  3.6
Armour         | |  3.6
Shields        | |  3.6

Action                   |  1- 3 |  4- 6 || total
-------------------------+-------+-------++-------
Melee: Long sword        |   115 |    15 ||   130
       Headbutt          |    17 |     1 ||    18
  Use: Potion            |       |     1 ||     1
  Eat: Chunk             |     2 |     1 ||     3
Armor: Scale mail        |    39 |     3 ||    42
Dodge: Dodged            |    26 |    10 ||    36
Block: Kite shield       |    52 |     9 ||    61
       Rpst.: Long sword |     4 |     1 ||     5
